 Dungeon Crawl Stone Soup version 0.31-a0-460-g9e667d4245 (webtiles) character file.

Game seed: 6406024946393283281

74 randomguy2701 the Covered (level 4, 0/35 HPs)
             Began as a Human Fighter on Aug 5, 2023.
             Slain by Robin
             ... wielding a +0 dagger
              (4 damage)
             ... on level 2 of the Dungeon.
             The game lasted 00:02:40 (1525 turns).

randomguy2701 the Covered (Human Fighter)           Turns: 1525, Time: 00:02:41

Health: 0/35       AC:  6    Str: 18    XL:     4   Next: 52%
Magic:  4/4        EV:  9    Int:  9    God:
Gold:   120        SH:  4    Dex: 12    Spells: 3/3 levels left

rFire   . . .        a - +0 trident
rCold   . . .        c - +0 buckler
rNeg    . . .        b - +0 scale mail
rPois   .            (no helmet)
rElec   .            (no cloak)
rCorr   .            (no gloves)
SInv    .            (no boots)
Will    .....        (no amulet) Stlth
                     (no ring)
HPRegen 0.25/turn    (no ring)
MPRegen 0.09/turn

%: no passive effects
@: no status effects
A: no striking features
a: no special abilities


You were on level 2 of the Dungeon.
You visited 1 branch of the dungeon, and saw 2 of its levels.

You collected 120 gold pieces.

Inventory:

Hand Weapons
 a - a +0 trident (weapon)
Armour
 b - a +0 scale mail (worn)
 c - a +0 buckler (worn)
Scrolls
 e - a scroll of revelation {unknown}
 g - 2 scrolls of identify {unknown}
 h - a scroll of brand weapon {unknown}
 i - a scroll of vulnerability {unknown}
 j - 2 scrolls of immolation {unknown}
 k - a scroll of blinking {unknown}
 l - a scroll of poison {unknown}
Potions
 d - 2 potions of might
 f - a potion of degeneration {unknown}


   Skills:
 + Level 3.4 Fighting
 + Level 3.2 Polearms
 + Level 3.6 Armour
 + Level 0.2 Dodging
 + Level 0.3 Stealth
 + Level 3.1 Shields


You had 3 spell levels left.
You didn't know any spells.
Your spell library contained the following spells:

 Spells                   Type           Power      Damage    Failure   Level
 Apportation              Tloc           0%         N/A       85%         1
 Necrotise                Necr           0%         1d4       85%         1
 Summon Small Mammal      Summ           0%         N/A       85%         1
 Dazzling Flash           Conj/Hex       0%         N/A       99%         3
 Stone Arrow              Conj/Erth      0%         3d7       99%         3
 Volatile Blastmotes      Fire/Tloc      0%         2d10      99%         3
 Animate Armour           Summ/Erth      0%         N/A       100%        4
 Starburst                Conj/Fire      0%         6d3       100%        6
 Lehudib's Crystal Spear  Conj/Erth      0%         10d2      100%        8
 Maxwell's Capacitive Co  Air            0%         ∞         100%        8


Dungeon Overview and Level Annotations

Branches:
Dungeon (2/15)

Altars:
Vehumet
Wu Jian

Annotations:
D:2 Robin, Terence


Message History

a +0 club; a goblin corpse You closely miss the bat.
The bat closely misses you. You block the bat's attack.
Things that are here:
a +0 club; a goblin corpse Reach: a) +0 trident
Press: ? - help, Dir - move target, f/p - Robin
Aim: Robin, wielding a +0 dagger, wearing a +0 animal skin and wearing a +2 helmet (moderately wounded, about 35% to evade your +0 trident)
You reach to attack!
You hit Robin but do no damage.
Robin is moderately wounded.
You block the bat's attack. The bat hits you but does no damage.
Reach: a) +0 trident
Press: ? - help, Dir - move target, f/p - Robin
Aim: Robin, wielding a +0 dagger, wearing a +0 animal skin and wearing a +2 helmet (moderately wounded, about 35% to evade your +0 trident)
You reach to attack!
You hit Robin but do no damage.
Robin is moderately wounded.
The bat barely misses you. The bat hits you but does no damage.
The bat barely misses you.
Reach: a) +0 trident
Press: ? - help, Dir - move target, f/p - Robin
Aim: Robin, wielding a +0 dagger, wearing a +0 animal skin and wearing a +2 helmet (moderately wounded, about 35% to evade your +0 trident)
You reach to attack!
You barely miss Robin.
Robin is moderately wounded.
The bat hits you.
* * * LOW HITPOINT WARNING * * *
Reach: a) +0 trident
Press: ? - help, Dir - move target, f/p - Robin
Aim: Robin, wielding a +0 dagger, wearing a +0 animal skin and wearing a +2 helmet (moderately wounded, about 35% to evade your +0 trident)
The bat is in the way.
You hit the bat.
You kill the bat!
Robin misses you.
Reach: a) +0 trident
Press: ? - help, Dir - move target, f/p - Robin
Aim: Robin, wielding a +0 dagger, wearing a +0 animal skin and wearing a +2 helmet (moderately wounded, about 35% to evade your +0 trident)
You barely miss Robin.
Robin is moderately wounded.
Robin hits you with a +0 dagger.
* * * LOW HITPOINT WARNING * * *
Robin attacks as you move away! Robin hits you with a +0 dagger.
You die...

#. #.# . ##.#..⌠ .⌠# ...
....... #.# #..⌠..#
#.###..##.####
#............##
#.@...........#
#g######......## #.#
#g.......
#...#.######gg_....#
#...#.)))..#gg.....# #
#...######.#.......#.##
######...##......g##...>#.##
..
........++.............+...
#.#
#......##.......#.....#.##


You could see Robin.

Vanquished Creatures
  A worm (D:2)
  3 dart slugs
  7 endoplasms
  2 giant cockroaches (D:1)
  12 goblins
  7 hobgoblins
  4 jackals (D:2)
  2 quokkas
  4 ball pythons
  2 bats
  4 frilled lizards
  3 kobolds (D:1)
  6 rats
57 creatures vanquished.

Notes
Turn   | Place    | Note
-------+----------+-------------------------------------------
     0 | D:1      | randomguy2701 the Human Fighter began the quest for the
                  | Orb.
     0 | D:1      | Reached XP level 1. HP: 18/18 MP: 1/1
    58 | D:1      | Reached XP level 2. HP: 24/24 MP: 2/2
   129 | D:1      | Found a radiant altar of Vehumet.
   347 | D:1      | Reached XP level 3. HP: 27/29 MP: 3/3
   972 | D:2      | Reached XP level 4. HP: 18/35 MP: 4/4
  1300 | D:2      | Noticed Terence
  1456 | D:2      | Found an ornate altar of the Wu Jian Council.
  1472 | D:2      | Noticed Robin
  1525 | D:2      | Slain by Robin

Illustrated notes

Levels and vault maps discovered:
D:1:      eino_arrival_water_star, layout_basic, minmay_hexomino_r4
D:2:      layout_basic, basic_altar, hellmonk_ecumenical_altar_run_dry,
          uniq_terence, uniq_robin

Skill      XL: |  1  2  3  4 |
---------------+-------------+-----
Polearms       | 3 |  3.2
Fighting       | |  3.4
Armour         | |  3.6
Dodging        | |  0.2
Stealth        | |  0.3
Shields        | |  3.1

Action                     |  1- 3 |  4- 6 || total
---------------------------+-------+-------++-------
  Melee: Trident           |    94 |    67 ||   161
 Armour: Scale mail        |    42 |    35 ||    77
  Dodge: Dodged            |    30 |    31 ||    61
  Block: Buckler           |    10 |    15 ||    25

Table legend: (Time is in decaauts)
 A = Elapsed time spent in this place.
 B = Non-inter-level travel time spent in this place.
 C = Inter-level travel time spent in this place.
 D = Time resting spent in this place.
 E = Time spent auto-exploring this place.
 F = Levels seen in this place.
 G = Mean time per level.
                   A        B        C        D        E       F      G
               +--------+--------+--------+--------+--------+-----+--------+
         Total |   1558 |   1530 |     28 |      0 |   1149 |   2 |  779.0 |
       Dungeon |   1558 |   1530 |     28 |      0 |   1149 |   2 |  779.0 |
               +--------+--------+--------+--------+--------+-----+--------+

Top non-repeatable levels by time:
     D:1: 928 daAuts
     D:2: 629 daAuts
